 Dungeon Crawl Stone Soup version 0.19-a0-1311-gdcfd90a (webtiles) character file.

113 Musica the Caller (level 4, -5/24 HPs)
             Began as a Tengu Summoner on Aug 31, 2016.
             Slain by an orc
             ... wielding a +0 whip
              (6 damage)
             ... on level 3 of the Dungeon.
             The game lasted 00:12:57 (2889 turns).

Musica the Caller (Tengu Summoner)                  Turns: 2889, Time: 00:12:58

Health: -5/24      AC:  3    Str:  9    XL:     4   Next: 96%
Magic:  9/9        EV: 12    Int: 16    God:
Gold:   169        SH:  0    Dex: 14    Spells: 3 memorised, 3 levels left

rFire  . . .     SeeInvis .     v - +2 falchion (freeze)
rCold  . . .     Gourm    .     a - +1 robe
rNeg   . . .     Faith    .     (no shield)
rPois  .         Spirit   .     (helmet restricted)
rElec  .         Dismiss  .     (no cloak)
rCorr  .         Reflect  .     (no gloves)
MR     .....     Harm     .     (boots unavailable)
Stlth  ++........               (no amulet)
                                (no ring)
                                (no ring)

@: no status effects
A: beak, talons 3
a: no special abilities


You were on level 3 of the Dungeon.
You were not hungry.

You visited 1 branch of the dungeon, and saw 4 of its levels.

You collected 169 gold pieces.

Inventory:

Hand Weapons
 d - a +0 spear
 e - a +0 dagger
 k - a +1 dagger of holy wrath
 v - a +2 falchion of freezing (weapon)
Missiles
 m - 15 arrows
 n - 34 bolts
Armour
 a - a +1 robe (worn)
Scrolls
 i - 2 scrolls of identify
 l - a scroll of recharging
 o - a scroll of immolation {unknown}
 r - a scroll of teleportation
 s - a scroll of noise {unknown}
 u - a scroll of enchant weapon {unknown}
Books
 b - a book of Callings

   Spells                             Type                      Level
   a - Summon Small Mammal            Summoning                    1
   b - Call Imp                       Summoning                    2
   c - Call Canine Familiar           Summoning                    3
   d - Summon Guardian Golem          Hexes/Summoning              3
   e - Summon Lightning Spire         Summoning/Air                4
   f - Summon Ice Beast               Ice/Summoning                4
 p - a book of Fire

   Spells                             Type                      Level
   a - Ignite Poison                  Fire/Transmutation/Poison    3
   b - Fireball                       Conjuration/Fire             5
   c - Bolt of Fire                   Conjuration/Fire             6
   d - Delayed Fireball               Conjuration/Fire             7
   e - Ring of Flames                 Charms/Fire                  7
Comestibles
 c - 2 bread rations
 g - 2 meat rations
 h - a royal jelly
 j - 8 chunks of flesh
 q - a beef jerky


   Skills:
 - Level 0.2 Short Blades
 - Level 2.1 Dodging
 - Level 2.0 Stealth
 + Level 3.1 Spellcasting
 + Level 6.4 Summonings


You had 3 spell levels left.
You knew the following spells:

 Your Spells              Type           Power        Failure   Level  Hunger
a - Summon Small Mammal   Summ           ###.         1%          1    None
b - Call Canine Familiar  Summ           ###.....     4%          3    ###....
c - Call Imp              Summ           ###.....     1%          2    ##.....


Dungeon Overview and Level Annotations

Branches:
Dungeon (4/15)
 Temple: D:4-7

Altars:


Innate Abilities, Weirdness & Mutations

You have a beak for a mouth.
You have claws for feet.


Message History

Your kick misses the orc.
The orc is moderately wounded.
You hit the orc but do no damage. Your kick misses the orc.
The orc is moderately wounded.
An orc opens the door.
The orc hits you with a whip. The orc hits you with a mace!
* * * LOW HITPOINT WARNING * * *
You are too injured to fight recklessly!
There is a stone staircase leading up here.
The orc closely misses you. The orc hits you but does no damage.
You climb upwards.
There is a stone staircase leading down here.
It was a potion of cure mutation.
It has a very clean taste.
It was a potion of cancellation.
You feel magically purged.
You hit the orc but do no damage.
The orc is moderately wounded.
The orc hits you with a whip.
* * * LOW HITPOINT WARNING * * *
The orc hits you with a whip.
You die...

..h..# ####.#
#.###### #......#
####......#
..........###
####........#
####........######
..............oo@#
.).)........######
...รท......###
..........#
..........#
....####### ....#
....# ###..


You could see 2 orcs.

Vanquished Creatures
  2 dart slugs
  A giant gecko (D:3)
  An orc (D:3)
  6 bats
  2 giant cockroaches (D:1)
  8 goblins
  6 hobgoblins
  A jackal (D:3)
  5 kobolds
  A quokka (D:3)
  A ball python (D:3)
  6 rats
40 creatures vanquished.

Vanquished Creatures (collateral kills)
  An orc wizard (D:3)
  5 adders
  3 dart slugs (D:2)
  2 orcs (D:3)
  A bat (D:1)
  A giant cockroach (D:2)
  2 goblins
  4 hobgoblins
  2 jackals (D:3)
  A kobold (D:3)
  A giant newt (D:3)
  A rat (D:3)
24 creatures vanquished.

Grand Total: 64 creatures vanquished

Notes
Turn   | Place    | Note
-------+----------+-------------------------------------------
     0 | D:1      | Musica the Tengu Summoner began the quest for the Orb.
     0 | D:1      | Reached XP level 1. HP: 10/10 MP: 4/4
   127 | D:1      | Reached skill level 5 in Summonings
   462 | D:1      | Reached XP level 2. HP: 10/15 MP: 6/6
  1081 | D:2      | Found a faded altar of an unknown god.
  1112 | D:2      | Reached XP level 3. HP: 11/19 MP: 7/7
  1246 | D:2      | Learned a level 3 spell: Call Canine Familiar
  1354 | D:2      | Reached skill level 6 in Summonings
  2197 | D:2      | Reached XP level 4. HP: 23/24 MP: 4/8
  2406 | D:3      | Learned a level 2 spell: Call Imp
  2889 | D:3      | HP: 1/24 [orc/whip (3)]
  2889 | D:3      | Slain by an orc

Vault maps used:
D:1:      matt_arrival_refuge, st_stairs_10, minmay_hedge_maze
D:2:      ecumenical_altar_1
D:4:      grunt_temple_overflow_holy_war, nicolae_overflow_crystal_walls,
          lemuel_crystal_altar, grunt_temple_overflow_open,
          minmay_misc_feat_square, uniq_duvessa, uniq_edmund, uniq_pikel,
          uniq_robin

Skill      XL: |  1  2  3  4 |
---------------+-------------+-----
Summonings     | 5 6 |  6.4
Spellcasting   | 3 |  3.1
Short Blades   | |  0.2
Dodging        | |  2.1
Stealth        | |  2.0

Action                   |  1- 3 |  4- 6 || total
-------------------------+-------+-------++-------
Melee: Dagger            |    97 |    34 ||   131
       Spear             |     8 |       ||     8
       Kick              |    23 |    12 ||    35
       Peck              |     8 |     6 ||    14
       Falchion          |       |    16 ||    16
 Cast: Summon Small Mamm |    11 |     5 ||    16
       Call Canine Famil |     6 |     5 ||    11
       Call Imp          |       |     7 ||     7
  Use: Scroll            |     6 |       ||     6
       Potion            |     1 |     2 ||     3
 Stab: Sleeping          |     3 |     2 ||     5
  Eat: Chunk             |     5 |     3 ||     8
Armor: Robe              |    28 |     3 ||    31
Dodge: Dodged            |    71 |    33 ||   104
